 Dungeon Crawl Stone Soup version 0.31-a0-4-gefa6de2278 (webtiles) character file.

Game seed: 4428027642499762657

4727 jasper the Geomancer (level 10, -6/110 HPs)
             Began as an Ogre Earth Elementalist on May 3, 2023.
             Was a Follower of Kikubaaqudgha.
             Shot with an arrow by a centaur (12 damage)
             ... on level 8 of the Dungeon.
             The game lasted 00:11:25 (8563 turns).

jasper the Geomancer (Ogre Earth Elementalist)      Turns: 8563, Time: 00:11:25

Health: -6/110     AC:  1    Str: 14    XL:     10   Next: 45%
Magic:  17/22      EV:  9    Int: 20    God:    Kikubaaqudgha [*.....]
Gold:   380        SH:  0    Dex:  9    Spells: 10/26 levels left

rFire   + . .        c - +8 hand axe "Qaunlup" {freeze, rF+}
rCold   . . .        (no shield)
rNeg    + . .        a - +1 robe
rPois   .            (helmet restricted)
rElec   .            v - +0 cloak
rCorr   .            (gloves unavailable)
SInv    +            (boots unavailable)
Will    +....        (no amulet)
Stlth   +            i - ring of positive energy
HPRegen 0.38/turn    B - ring of see invisible
MPRegen 0.18/turn

%: no passive effects
@: corroded
A: large, unfitting armour, tough skin 1
a: Renounce Religion, Unearth Wretches


You were on level 8 of the Dungeon.
You worshipped Kikubaaqudgha.
Kikubaaqudgha was aware of your devotion.
You visited 1 branch of the dungeon, and saw 8 of its levels.

You collected 380 gold pieces.

Inventory:

Hand Weapons
 c - the +8 hand axe "Qaunlup" (weapon) {freeze, rF+}
   (You found it on level 2 of the Dungeon)

   rF:        It protects you from fire.
 f - a +4 dagger
Missiles
 k - 6 curare-tipped darts
 n - 2 throwing nets
Armour
 a - a +1 robe (worn)
 e - a +0 tower shield
 v - a +0 cloak (worn)
 z - a scarf of shadows
Magical Staves
 d - the staff of conjuration "Ziofiq" {Str+3 Dex+5}
   (You found it on level 5 of the Dungeon)

   [staff of conjuration]

   Base accuracy: +5 Base damage: 5 Base attack delay: 1.2 This weapon's minimum
   attack delay (0.6) is reached at skill level 12.
   Str:       It affects your strength (+3).
   Dex:       It affects your dexterity (+5).
   It falls into the 'Staves' category.
   It is a one-handed weapon.
Jewellery
 i - a ring of positive energy (left hand)
 l - an amulet of guardian spirit
 B - a ring of see invisible (right hand)
Wands
 w - a wand of light (8)
Scrolls
 g - a scroll of amnesia
 h - 3 scrolls of enchant weapon
 r - 5 scrolls of identify
 t - a scroll of fog
 u - 2 scrolls of immolation
 y - 2 scrolls of enchant armour
Potions
 b - 2 potions of attraction
 j - 2 potions of flight
 o - a potion of berserk rage
 p - 2 potions of cancellation
 q - 2 potions of degeneration
 s - a potion of mutation
 x - 2 potions of lignification
 A - 2 potions of might {unknown}


   Skills:
 + Level 10.0 Fighting
 - Level 1.7 Dodging
 - Level 1.4 Stealth
 + Level 8.8 Spellcasting
 - Level 0.8 Transmutations
 - Level 10.0 Earth Magic


You had 10 spell levels left.
You knew the following spells:

 Your Spells              Type           Power      Damage    Failure   Level
a - Sandblast             Erth           96%        2d20      1%          1
b - Passwall              Tmut/Erth      25%        N/A       1%          2
c - Stone Arrow           Conj/Erth      56%        3d10      3%          3
d - Mephitic Cloud        Conj/Pois/Air  8%         N/A       24%         3
e - Lee's Rapid Deconstr  Erth           24%        3d13*     3%          5
f - Sublimation of Blood  Necr           8%         N/A       12%         2

Your spell library contained the following spells:

 Spells                   Type           Power      Damage    Failure   Level
 Magic Dart               Conj           32%        1d4       8%          1
 Necrotise                Necr           32%        1d5       8%          1
 Petrify                  Tmut/Erth      30%        N/A       9%          4
 Call Imp                 Summ           16%        N/A       12%         2
 Ozocubu's Armour         Ice            8%         N/A       24%         3
 Vampiric Draining        Necr           8%         2d6       24%         3
 Volatile Blastmotes      Fire/Tloc      16%        2d11      24%         3
 Animate Dead             Necr           8%         N/A       61%         4
 Fulminant Prism          Conj/Hex       4%         3d5       61%         4
 Iskenderun's Mystic Bla  Conj/Tloc      8%         2d4       61%         4
 Ozocubu's Refrigeration  Ice            4%         4d8       100%        7
 Ignition                 Fire           4%         3d4       100%        8
 Fire Storm               Conj/Fire      4%         8d1       100%        9


Dungeon Overview and Level Annotations

Branches:
Dungeon (8/15)             Temple (0/1) D:6
   Lair: D:8-11

Altars:
Hepliaklqana
Kikubaaqudgha
Makhleb
Nemelex Xobeh
Okawaru
Qazlal
Vehumet
Zin
The Shining One

Shops:
D:1 (


Innate Abilities, Weirdness & Mutations

You are too large for most types of armour.
You have tough skin. (AC +1)


Message History

The acid dragon scales are intact enough to wear.
The centaur shoots an arrow.
The arrow hits you! The centaur hits you.
The centaur kicks you but does no damage.
The centaur barely misses you. The centaur kicks you.
The centaur shoots an arrow.
The arrow hits you.
You hear a shout!
Your Fighting skill increases to level 10!
You take 19 damage, and have 38/110 hp.
You now have 18/22 mp.
Aiming: Sandblast (safe; 1% risk of failure)
Press: ? - help, Q - select action, (/) - cycle Shift-Dir - straight line, f - centaur
Aim: a centaur (91% to hit)
The blast of sand hits the centaur!!
You kill the centaur!
Kikubaaqudgha accepts your kill.
The centaur shoots an arrow.
The arrow completely misses you. The orc misses you.
The centaur shoots an arrow.
The arrow hits you!
* * * LOW HITPOINT WARNING * * *
The orc hits you with a +0 war axe!
* * * LOW HITPOINT WARNING * * *
An orc warrior comes into view. It is wielding a +0 hand axe.
You take 22 damage, and have 16/110 hp.
You feel much better.
The centaur shoots an arrow.
The arrow hits you.
* * * LOW HITPOINT WARNING * * *
The orc warrior unwields a +0 hand axe.
The orc warrior wields a +0 arbalest.
The orc warrior shoots a bolt.
The bolt hits you!!
* * * LOW HITPOINT WARNING * * *
The orc barely misses you.
You hear an angry hiss.
You take 5 damage, and have 11/110 hp.
Aiming: Sandblast (safe; 1% risk of failure)
Press: ? - help, Q - select action, (/) - cycle Shift-Dir - straight line, f - orc
Aim: an orc, wielding a +0 war axe (85% to hit)
The blast of sand hits the orc!
You kill the orc!
Kikubaaqudgha accepts your kill.
The centaur shoots an arrow.
The arrow hits you.
* * * LOW HITPOINT WARNING * * *
The centaur shoots an arrow.
The arrow hits you!
You die...
Kikubaaqudgha rasps: "You have failed me!
Welcome... death!"

################
#.$.))@.....c...
#....).......o..
#!.#####..#####.
#......#..#.....
D....#..#.....
####..#..#..###
.[.F(.#..#.....
....oc#..#.....
.[#####..#####.


You could see an orc warrior and a centaur.

Vanquished Creatures
  Grinder (D:3)
  Sigmund (D:4)
  Eustachio (D:5)
  6 yaks
  2 steam dragons
  Edmund (D:4)
  An acid dragon (D:8)
  A water moccasin (D:8)
  Duvessa (D:6)
  An orc warrior (D:7)
  2 centaurs (D:8)
  2 phantoms
  Blork the orc (D:5)
  5 bullfrogs
  A gnoll sergeant (D:5)
  5 scorpions
  9 wights
  Dowan (D:6)
  A jelly (D:5)
  2 gnoll boudas
  6 orc priests
  Crazy Yiuf (D:4)
  5 hounds
  7 iguanas
  A sleepcap (D:4)
  4 orc wizards
  9 gnolls
  7 adders
  A shadow imp (D:8)
  A white imp (D:7)
  2 ufetubi
  6 worms
  A dart slug (D:3)
  22 orcs
  7 bats
  11 endoplasms
  2 giant cockroaches (D:3)
  10 hobgoblins
  11 jackals
  3 quokkas
  6 ball pythons
  3 frilled lizards
  10 goblins
  9 kobolds
  A rat (D:1)
191 creatures vanquished.

Vanquished Creatures (others)
  4 orcs (D:5)
  20 plants
24 creatures vanquished.

Grand Total: 215 creatures vanquished

Notes
Turn   | Place    | Note
-------+----------+-------------------------------------------
     0 | D:1      | jasper the Ogre Earth Elementalist began the quest for the
                  | Orb.
     0 | D:1      | Reached XP level 1. HP: 16/16 MP: 3/3
   178 | D:1      | Found a faded altar of an unknown god.
   227 | D:1      | Reached skill level 1 in Fighting
   230 | D:1      | Reached XP level 2. HP: 22/27 MP: 2/5
   361 | D:1      | Learned a level 2 spell: Passwall
   368 | D:1      | Reached XP level 3. HP: 35/35 MP: 5/7
   461 | D:1      | Found Galica's Antique Weapon Shoppe.
  1007 | D:2      | Identified the +8 hand axe "Qaunlup" {freeze, rF+}
  2030 | D:3      | Reached XP level 4. HP: 44/44 MP: 7/9
  2196 | D:3      | Noticed Grinder
  2364 | D:4      | Reached XP level 5. HP: 12/53 MP: 1/10
  2602 | D:4      | Found a hazy altar of Hepliaklqana.
  2618 | D:4      | Reached XP level 6. HP: 41/62 MP: 3/12
  2703 | D:4      | Noticed Sigmund
  2708 | D:4      | Killed Sigmund
  2815 | D:4      | Noticed Edmund
  2854 | D:5      | Entered Level 5 of the Dungeon
  2854 | D:5      | Noticed Eustachio
  2870 | D:5      | Reached skill level 5 in Earth Magic
  2875 | D:5      | Found a stormy altar of Qazlal.
  2877 | D:5      | Found a burning altar of Makhleb.
  2981 | D:5      | Noticed a steam dragon
  2984 | D:5      | Found a glowing golden altar of the Shining One.
  2993 | D:5      | Identified the staff of conjuration "Ziofiq" {Str+3 Dex+5}
  3016 | D:5      | Killed a steam dragon
  3017 | D:5      | Reached XP level 7. HP: 31/71 MP: 8/14
  3149 | D:5      | Learned a level 3 spell: Stone Arrow
  3153 | D:5      | Learned a level 3 spell: Mephitic Cloud
  3192 | D:5      | Killed Eustachio
  3193 | D:5      | Reached skill level 5 in Fighting
  3193 | D:5      | Reached skill level 5 in Spellcasting
  3352 | D:5      | Found an iron altar of Okawaru.
  3364 | D:5      | Reached XP level 8. HP: 83/83 MP: 14/16
  3391 | D:5      | Noticed Blork the orc
  3394 | D:5      | Killed Blork the orc
  4147 | D:6      | Learned a level 5 spell: Lee's Rapid Deconstruction
  4265 | D:6      | Noticed a yak
  4266 | D:6      | Noticed a yak
  4277 | D:6      | Killed a yak
  4278 | D:6      | Noticed a yak
  4279 | D:6      | Noticed a yak
  4280 | D:6      | Noticed a yak
  4284 | D:5      | Killed a yak
  4285 | D:5      | Reached XP level 9. HP: 44/93 MP: 11/18
  4462 | D:6      | Noticed Duvessa
  4462 | D:6      | Noticed Dowan
  4888 | D:3      | Killed Grinder
  4951 | D:3      | Got the Octavo of Embers
  5366 | D:4      | Found a radiant altar of Vehumet.
  5411 | D:4      | Found a runed translucent door.
  5412 | D:4      | Noticed Crazy Yiuf
  5416 | D:4      | Killed Crazy Yiuf
  5534 | D:4      | Killed Edmund
  6812 | D:7      | Found an ancient bone altar of Kikubaaqudgha.
  6850 | D:7      | Became a worshipper of Kikubaaqudgha
  6979 | D:7      | Found a glowing silver altar of Zin.
  7095 | D:6      | Found a sparkling altar of Nemelex Xobeh.
  7143 | D:6      | Reached XP level 10. HP: 80/107 MP: 10/22
  7254 | D:6      | Killed Duvessa
  7263 | D:6      | Killed Dowan
  7523 | D:6      | Found a staircase to the Ecumenical Temple.
  8280 | D:8      | Reached * piety under Kikubaaqudgha
  8280 | D:8      | Received a gift from Kikubaaqudgha
  8285 | D:8      | Learned a level 2 spell: Sublimation of Blood
  8555 | D:8      | Reached skill level 10 in Earth Magic
  8561 | D:8      | Reached skill level 10 in Fighting
  8563 | D:8      | Shot with an arrow by a centaur

Illustrated notes

Levels and vault maps discovered:
D:1:      dpeg_arrival_long_road, layout_rooms,
          hellmonk_ecumenical_altar_prayer_group, serial_shops, shop,
          amcnicky_mini_pool_small, minmay_misc_feat_diagonals
D:2:      layout_loops_corners, chequers_decorated_corner
D:3:      layout_basic, minmay_misc_feat_iff, minmay_puff, uniq_grinder
D:4:      layout_loops_ring, nicolae_vehumet_altar_sigil,
          nicolae_hepliaklqana_hazy_memory, grunt_decor_clamped, uniq_edmund,
          uniq_crazy_yiuf_cottage, uniq_sigmund
D:5:      layout_rooms, okawaru_ov_weapons_minmay,
          gammafunk_temple_overflow_forgotten, grunt_tough_drop,
          uniq_blork_the_orc, uniq_eustachio
D:6:      layout_cave_pools, lemuel_tele_altar,
          minmay_temple_entry_proselytizer, st_stairs_3, uniq_duvessa
D:7:      layout_gridville, zin_scriptorium, kennysheep_little_box,
          mrwooster_statue_mirror
D:8:      kennysheep_windowed_halls, layout_rooms, grunt_decor_mini_mirrors

Skill      XL: |  1  2  3  4  5  6  7  8  9 10 |
---------------+-------------------------------+-----
Fighting       | 1 2 3 4 5 7 9 10 | 10.0
Earth Magic    | 3 4 5 6 7 9 10 | 10.0
Spellcasting   | 3 4 5 6 8 |  8.8
Dodging        | |  1.7
Stealth        | |  1.4
Transmutations | |  0.8

Action                     |  1- 3 |  4- 6 |  7- 9 | 10-12 || total
---------------------------+-------+-------+-------+-------++-------
  Melee: Dagger            |    38 |       |       |       ||    38
         Unarmed           |     4 |       |       |       ||     4
         Punch             |     1 |       |       |       ||     1
         Hand axe          |       |     1 |    12 |       ||    13
   Cast: Sandblast         |    51 |    71 |   179 |    53 ||   354
    Use: Scroll            |     9 |     4 |    10 |       ||    23
         Potion            |     1 |     1 |       |     1 ||     3
 Armour: Robe              |    25 |     8 |    21 |     4 ||    58
         Skin              |       |     1 |       |       ||     1
  Dodge: Dodged            |    36 |    26 |    63 |    29 ||   154

Table legend: (Time is in decaauts)
 A = Elapsed time spent in this place.
 B = Non-inter-level travel time spent in this place.
 C = Inter-level travel time spent in this place.
 D = Time resting spent in this place.
 E = Time spent auto-exploring this place.
 F = Levels seen in this place.
 G = Mean time per level.
                   A        B        C        D        E       F      G
               +--------+--------+--------+--------+--------+-----+--------+
         Total |   8747 |   8220 |    527 |    970 |   5963 |   8 | 1093.4 |
       Dungeon |   8747 |   8220 |    527 |    970 |   5963 |   8 | 1093.4 |
               +--------+--------+--------+--------+--------+-----+--------+

Top non-repeatable levels by time:
     D:5: 1675 daAuts
     D:4: 1544 daAuts
     D:2: 1082 daAuts
     D:7: 987 daAuts
     D:1: 930 daAuts
     D:6: 896 daAuts
     D:3: 856 daAuts
     D:8: 773 daAuts
